 Dungeon Crawl Stone Soup version 0.20-a0-645-g0ac6e19 (webtiles) character file.

70 GlassEater the Bolt Thrower (level 4, 0/27 HPs)
             Began as a Kobold Hunter on Feb 15, 2017.
             Slain by Grinder (5 damage)
             ... while paralysed by Grinder
             ... on level 3 of the Dungeon.
             The game lasted 00:04:53 (2158 turns).

GlassEater the Bolt Thrower (Kobold Hunter)         Turns: 2158, Time: 00:04:54

Health: 0/27       AC:  5    Str:  9    XL:     4   Next: 44%
Magic:  4/4        EV:  3    Int: 12    God:
Gold:   85         SH:  0    Dex: 16    Spells: 3/3 levels left

rFire    . . .     SeeInvis .   a - +1 hand crossbow
rCold    . . .     Gourm    .   c - +0 leather armour
rNeg     . . .     Faith    .   (shield restricted)
rPois    .         Spirit   .   j - +0 helmet (curse)
rElec    .         Reflect  .   (no cloak)
rCorr    .         Harm     .   (no gloves)
MR       .....                  n - +0 pair of boots
Stlth    ++........             (no amulet)
Regen    0.1/turn               (no ring)
MPRegen  0.1/turn               (no ring)

@: paralysed
A: carnivore 3
a: no special abilities


You were on level 3 of the Dungeon.
You were very full.

You visited 1 branch of the dungeon, and saw 3 of its levels.

You collected 85 gold pieces.

Inventory:

Hand Weapons
 a - a +1 hand crossbow (weapon)
 b - a +0 short sword
Missiles
 d - 34 bolts (quivered)
Armour
 c - a +0 leather armour (worn)
 j - a cursed +0 helmet (worn)
 n - a +0 pair of boots (worn)
Scrolls
 e - 2 scrolls of immolation {unknown}
 h - 3 scrolls of identify {unknown}
 i - a scroll of fog {unknown}
 m - 2 scrolls of enchant armour {unknown}
 o - a scroll of fear {unknown}
 q - a scroll of amnesia {unknown}
Potions
 g - a potion of degeneration {unknown}
 k - a potion of lignification {unknown}
 p - a potion of curing {unknown}
Comestibles
 f - 3 meat rations


   Skills:
 + Level 2.8 Fighting
 + Level 2.0 Short Blades
 + Level 5.7 Crossbows
 + Level 1.0 Armour
 + Level 2.5 Dodging
 + Level 1.3 Stealth


You had 3 spell levels left.
You didn't know any spells.

Dungeon Overview and Level Annotations

Branches:
Dungeon (3/15)

Altars:

Annotations:
D:3 Grinder


Innate Abilities, Weirdness & Mutations

You are small and have problems with some larger weapons.
You are carnivorous and can eat meat at any time.


Message History

Firing (i - inventory):
d - 36 bolts (quivered)
Press: ? - help, Shift-Dir - straight line, f/p - Grinder
Aim: Grinder (heavily wounded)
You shoot a bolt. The bolt hits Grinder!
Grinder is severely wounded.
Grinder hits you.
* * * LOW HITPOINT WARNING * * *
You writhe in agony.
* * * LOW HITPOINT WARNING * * *
Firing (i - inventory):
d - 35 bolts (quivered)
Press: ? - help, Shift-Dir - straight line, f/p - Grinder
Aim: Grinder (severely wounded)
You shoot a bolt. The bolt hits Grinder.
Grinder is almost dead.
Grinder gestures at you.
You suddenly lose the ability to move!
Grinder hits you.
* * * LOW HITPOINT WARNING * * *
You writhe in agony.
You die...

#### ..>
#.#########
#.<.5@(..(#
#.#.#####.#
#..... #
#.......
#...#####
.....
...#.#
....#..


You could see Grinder.

Vanquished Creatures
  An adder (D:2)
  An ooze (D:1)
  A worm (D:2)
  4 dart slugs
  5 bats
  8 goblins
  8 hobgoblins
  A quokka (D:2)
  2 ball pythons (D:1)
  5 frilled lizards
  6 kobolds
  4 rats
46 creatures vanquished.

Notes
Turn   | Place    | Note
-------+----------+-------------------------------------------
     0 | D:1      | GlassEater the Kobold Hunter began the quest for the Orb.
     0 | D:1      | Reached XP level 1. HP: 12/12 MP: 1/1
    31 | D:1      | Reached skill level 5 in Crossbows
   282 | D:1      | Reached XP level 2. HP: 13/18 MP: 2/2
   562 | D:1      | Reached XP level 3. HP: 10/22 MP: 3/3
   914 | D:1      | Reached skill level 1 in Short Blades
  1333 | D:2      | Reached XP level 4. HP: 23/27 MP: 4/4
  2140 | D:3      | Noticed Grinder
  2141 | D:3      | Reached skill level 1 in Armour
  2157 | D:3      | Paralysed by Grinder for 2 turns
  2158 | D:3      | Slain by Grinder

Vault maps used:
D:1:      minmay_arrival_stair_chambers, supply_closet_lemuel
D:3:      gammafunk_temple_overflow_wave, tso_oasis_becter, first_bread,
          uniq_grinder

Skill      XL: |  1  2  3  4 |
---------------+-------------+-----
Crossbows      | 5 |  5.7
Short Blades   | 1 2 |  2.0
Armour         | 1 |  1.0
Fighting       | |  2.8
Dodging        | |  2.5
Stealth        | |  1.3

Action                   |  1- 3 |  4- 6 || total
-------------------------+-------+-------++-------
Melee: Short sword       |    53 |    31 ||    84
 Fire: Hand crossbow     |    34 |    23 ||    57
  Eat: Chunk             |    10 |     1 ||    11
Armor: Leather armour    |     9 |     6 ||    15
Dodge: Dodged            |    43 |    28 ||    71
